 Dungeon Crawl Stone Soup version 0.31-a0-986-g5e6e4ef867 (webtiles) character file.

Game seed: 8514669204376692033

4508 wildpjah the Carver (level 10, -1/60 HPs)
             Began as a Tengu Gladiator on Nov 21, 2023.
             Slain by a fire crab (3 damage)
             ... on level 8 of the Dungeon.
             The game lasted 00:13:01 (8720 turns).

wildpjah the Carver (Tengu Gladiator)               Turns: 8720, Time: 00:13:03

Health: -1/60      AC:  9    Str: 21    XL:     10   Next: 39%
Magic:  11/11      EV: 25    Int:  9    God:
Gold:   304        SH:  0    Dex: 19    Spells: 9/9 levels left

rFire   + . .        a - +1 long sword
rCold   . . .        (no shield)
rNeg    . . .        N - +1 ring mail {rF+}
rPois   .            c - +1 hat
rElec   .            B - +0 cloak
rCorr   .            (no gloves)
SInv    .            (boots unavailable)
Will    .....        (no amulet)
Stlth   ++           j - +5 ring of evasion
HPRegen 0.30/turn    K - +6 ring of strength
MPRegen 0.12/turn

%: acrobat
@: flying
A: beak, talons 3, evasive flight, acrobatic
a: no special abilities


You were on level 8 of the Dungeon.
You visited 1 branch of the dungeon, and saw 8 of its levels.
You also visited: Sewer and Ossuary.

You collected 484 gold pieces.
You spent 180 gold pieces at shops.

Inventory:

Hand Weapons
 a - a +1 long sword (weapon)
Missiles
 d - 3 throwing nets
Armour
 b - a +0 leather armour
 c - a +1 hat (worn)
 v - a +2 leather armour of willpower
 B - a +0 cloak (worn)
 N - a +1 ring mail of fire resistance (worn)
 P - +0 steam dragon scales
Jewellery
 j - a +5 ring of evasion (left hand)
 k - a ring of protection from fire
 o - a ring of wizardry
 I - a ring of fire
 K - a +6 ring of strength (right hand)
 Q - a +6 ring of intelligence
 R - a ring of protection from cold
Wands
 t - a wand of roots (18)
 u - a wand of flame (22) (quivered)
 C - a wand of mindburst (7)
Scrolls
 f - a scroll of summoning
 h - a scroll of teleportation {unknown}
 i - a scroll of enchant weapon
 m - a scroll of silence
 r - 12 scrolls of identify
 x - 2 scrolls of enchant armour
 y - a scroll of poison {unknown}
 D - a scroll of fog
 E - 2 scrolls of torment {unknown}
 G - 2 scrolls of noise {unknown}
 J - a scroll of revelation {unknown}
 L - a scroll of amnesia {unknown}
 M - 2 scrolls of brand weapon {unknown}
Potions
 e - a potion of resistance {unknown}
 g - 2 potions of magic
 l - 4 potions of haste {unknown}
 n - 7 potions of curing
 p - a potion of cancellation {unknown}
 q - 2 potions of might
 s - a potion of berserk rage {unknown}
 w - 6 potions of invisibility {unknown}
 z - 2 potions of heal wounds {unknown}
 A - a potion of brilliance {unknown}
 F - 4 potions of enlightenment {unknown}
 H - 2 potions of attraction {unknown}
 O - a potion of degeneration {unknown}


   Skills:
 + Level 6.1 Fighting
 + Level 11.5 Long Blades
 + Level 2.0 Throwing
 + Level 4.6 Armour
 * Level 8.3 Dodging
 + Level 4.1 Stealth
 + Level 0.6 Evocations


You had 9 spell levels left.
You didn't know any spells.
Your spell library contained the following spells:

 Spells                   Type           Power      Damage    Failure   Level
 Wereblood                Tmut           0%         N/A       67%         2
 Irradiate                Conj/Tmut      0%         3d11      100%        5


Dungeon Overview and Level Annotations

Branches:
Dungeon (8/15)             Temple (0/1) D:7            Lair (0/5) D:8
  Sewer (visited)         Ossuary (visited)

Altars:
Elyvilon
Fedhas
Kikubaaqudgha
Makhleb
Qazlal
Sif Muna
Xom
Zin

Shops:
D:2 (   D:6 [


Innate Abilities, Weirdness & Mutations

You have a beak for a mouth.
You have claws for feet.
Your magical flight helps you evade attacks. (EV +4)
You can magically evade attacks while moving or waiting.


Message History

You hit the fire crab.
You claw the fire crab, but do no damage.
You peck the fire crab.
The fire crab is heavily wounded.
The fire crab bites you but does no damage.
The fire crab completely misses you.
You hit the fire crab.
You claw the fire crab, but do no damage.
The fire crab is heavily wounded.
The fire crab closely misses you. The fire crab barely misses you.
The fire crab attacks as it pursues you!
The fire crab completely misses you. The fire crab misses you.
You hit the fire crab.
You claw the fire crab, but do no damage.
You peck the fire crab, but do no damage.
The fire crab is heavily wounded.
You slash the fire crab! You claw the fire crab.
The fire crab is almost dead.
The fire crab bites you!
* * * LOW HITPOINT WARNING * * *
You are engulfed in flames.
You resist.
* * * LOW HITPOINT WARNING * * *
The fire crab completely misses you.
You barely miss the fire crab.
The fire crab is almost dead.
The fire crab bites you but does no damage.
The fire crab closely misses you.
You hit the fire crab but do no damage. You claw the fire crab.
The fire crab is almost dead.
The fire crab breathes flames at you. The blast of flame engulfs you.
You resist.
* * * LOW HITPOINT WARNING * * *
You closely miss the fire crab.
You claw the fire crab, but do no damage.
You peck the fire crab, but do no damage.
The fire crab is almost dead.
You are engulfed in blazing flames.
You resist.
* * * LOW HITPOINT WARNING * * *
The fire crab bites you.
You die...

#............# #
#............####
#............##..
#............##..
#............##..
#.............+..
#○...........##.)
#####○...[.......###.
#..○@○.....#####.###.
##.#t#○#.##.#####.....
#..§§.○...#.+...'.....
......§§≈......#####.....
...#.≈§§§≈≈..#.# #.....
.....≈≈..≈≈≈...# #.....
...#..≈≈>≈≈≈.#.# #.....
......≈≈≈.≈≈...# #.....
####..≈≈≈≈≈≈.#. #.....


You could see a fire crab.

Vanquished Creatures
  Sigmund (D:3)
  A wraith (Ossuary)
  A steam dragon (D:7)
  Grum (D:8)
  3 water moccasins
  An ice beast (D:4)
  2 sky beasts
  4 wolves (D:8)
  2 black bears
  2 ogres
  A centaur (D:5)
  An elf zombie (Ossuary)
  A bullfrog (D:7)
  5 scorpions
  5 wights (D:7)
  6 killer bees
  5 howler monkeys
  4 hounds
  A gnoll bouda (D:5)
  6 orc priests
  Ijyb (D:5)
  Jessica (D:3)
  8 iguanas
  2 sleepcaps
  11 orc wizards
  3 mummies (Ossuary)
  Robin (D:3)
  8 gnolls
  13 adders
  8 river rats (Sewer)
  2 white imps (D:5)
  6 ufetubi
  6 worms
  2 dart slugs
  31 orcs
  3 bats
  5 endoplasms
  17 giant cockroaches
  A gnoll zombie (Ossuary)
  22 goblins
  10 hobgoblins
  2 jackals (D:2)
  20 kobolds
  4 quokkas
  12 ball pythons
  3 frilled lizards
  4 goblin zombies (Ossuary)
  A hobgoblin zombie (Ossuary)
  2 kobold zombies (Ossuary)
  An orc zombie (Ossuary)
  26 rats
289 creatures vanquished.

Notes
Turn   | Place    | Note
-------+----------+-------------------------------------------
     0 | D:1      | wildpjah the Tengu Gladiator began the quest for the Orb.
     0 | D:1      | Reached XP level 1. HP: 12/12 MP: 2/2
    90 | D:1      | Reached XP level 2. HP: 13/17 MP: 3/3
   112 | D:1      | Found a faded altar of an unknown god.
   877 | D:2      | Reached skill level 4 in Long Blades
   877 | D:2      | Reached XP level 3. HP: 18/21 MP: 4/4
  1070 | D:2      | Found Piofedo's Weapon Shoppe.
  1095 | D:2      | Reached skill level 1 in Armour
  1176 | D:2      | Reached XP level 4. HP: 3/27 MP: 5/5
  1855 | D:3      | Noticed Sigmund
  1862 | D:3      | Killed Sigmund
  1863 | D:3      | Reached skill level 5 in Long Blades
  1863 | D:3      | Reached XP level 5. HP: 22/32 MP: 6/6
  1863 | D:3      | Reached XP level 6. HP: 25/37 MP: 7/7
  1938 | D:3      | Noticed Jessica
  1950 | D:3      | Killed Jessica
  2075 | D:3      | Found an ancient bone altar of Kikubaaqudgha.
  2202 | D:3      | Noticed Robin
  2214 | D:3      | Killed Robin
  2714 | D:4      | Reached skill level 6 in Long Blades
  2754 | D:4      | Found a stormy altar of Qazlal.
  2772 | D:4      | Found a glowing drain.
  2777 | D:4      | Gained mutation: Your magical flight helps you evade
                  | attacks. (EV +4) [Tengu growth]
  2777 | D:4      | Reached XP level 7. HP: 41/41 MP: 8/8
  2833 | Sewer    | Entered a sewer
  3368 | D:4      | Reached skill level 5 in Dodging
  3368 | D:4      | Reached skill level 1 in Stealth
  3455 | D:4      | Reached skill level 7 in Long Blades
  3625 | D:4      | Reached XP level 8. HP: 48/48 MP: 9/9
  4237 | D:5      | Entered Level 5 of the Dungeon
  4251 | D:5      | Reached skill level 8 in Long Blades
  4340 | D:5      | Noticed Ijyb
  4353 | D:5      | Killed Ijyb
  4421 | D:5      | Found a blossoming altar of Fedhas.
  4465 | D:5      | Found a sand-covered staircase.
  4472 | Ossuary  | Entered an ossuary
  4472 | Ossuary  | Noticed a wraith
  4472 | Ossuary  | Noticed a wraith
  4472 | Ossuary  | Noticed a wraith
  4856 | Ossuary  | Noticed a wraith
  4870 | Ossuary  | Killed a wraith
  4975 | D:5      | Found a shimmering blue altar of Sif Muna.
  4986 | D:5      | Reached skill level 9 in Long Blades
  4991 | D:5      | Reached XP level 9. HP: 43/52 MP: 10/10
  5339 | D:5      | Found a burning altar of Makhleb.
  5339 | D:5      | Noticed a green death
  5550 | D:5      | Reached skill level 10 in Long Blades
  6398 | D:6      | Found Waickic's Armour Boutique.
  6629 | D:6      | Reached skill level 5 in Fighting
  7327 | D:7      | Found a white marble altar of Elyvilon.
  7335 | D:7      | Found a shimmering altar of Xom.
  7447 | D:7      | Found Zin's Purification Station.
  7450 | D:7      | Found a glowing silver altar of Zin.
  7520 | D:7      | Bought 2 potions of curing for 180 gold pieces
  7611 | D:7      | Reached XP level 10. HP: 59/59 MP: 11/11
  7678 | D:7      | Found a staircase to the Ecumenical Temple.
  7705 | D:7      | Reached skill level 11 in Long Blades
  7822 | D:7      | Identified the +1 scale mail "Asoapecui" {rElec}
  8163 | D:8      | Noticed Grum
  8500 | D:8      | Killed Grum
  8667 | D:8      | Found a staircase to the Lair.
  8698 | D:8      | Noticed a fire crab
  8720 | D:8      | HP: 2/60 [fire crab] (6)]
  8720 | D:8      | Slain by a fire crab

Illustrated notes

Levels and vault maps discovered:
D:1:      roderic_crop_circles_arrival_small, layout_loops_ring,
          shapermc_ecumenical_altar_gd
D:2:      layout_basic, serial_shops, shop, chequers_jeans,
          guppyfry_early_orc_mine
D:3:      minmay_roachtagon, layout_basic, mainiacjoe_overflow_small_starburst,
          uniq_robin, uniq_sigmund, uniq_jessica
D:4:      cheibrodos_barr_body, layout_basic, old_standard_altar,
          portal_sewer_entry_b
D:5:      minmay_recursive_quarters, layout_layer_cave,
          nicolae_sif_muna_condensation, makhleb_altar_promises_db,
          overflow_temple_1_default, chequers_ossuary_entry_cave, uniq_ijyb
D:6:      layout_basic, serial_shops, nicolae_shop_pleasant_corner_grove
D:7:      nicolae_cairo_tiling_large, layout_basic, zin_purify,
          grunt_temple_overflow_open, minmay_temple_entry_grid
D:8:      layout_basic, nemelex_altar_shiori, minmay_lair_entry_lava, uniq_grum,
          uniq_gastronok

Skill      XL: |  1  2  3  4  5  6  7  8  9 10 |
---------------+-------------------------------+-----
Long Blades    | 4 5 6 7 9 10 11 | 11.5
Armour         | 1 2 3 4 |  4.6
Dodging        | 4 5 6 7 8 |  8.3
Fighting       | 3 4 5 6 |  6.1
Stealth        | 1 2 3 4 |  4.1
Throwing       | |  2.0
Evocations     | |  0.6

Action                     |  1- 3 |  4- 6 |  7- 9 | 10-12 || total
---------------------------+-------+-------+-------+-------++-------
  Melee: Long sword        |    82 |   129 |   483 |   120 ||   814
         Kick              |    20 |    31 |   140 |    46 ||   237
         Peck              |     9 |    17 |    91 |    20 ||   137
         Punch             |     1 |       |     6 |     3 ||    10
  Throw: Javelin           |       |     2 |       |       ||     2
  Evoke: Wand              |       |     3 |     3 |       ||     6
    Use: Potion            |     2 |       |       |       ||     2
         Scroll            |       |     7 |       |       ||     7
   Stab: Sleeping          |       |     3 |     9 |     1 ||    13
         Distracted        |       |       |       |     1 ||     1
 Armour: Leather armour    |    36 |    56 |    87 |       ||   179
         Ring mail         |       |       |     5 |    39 ||    44
  Dodge: Dodged            |    70 |   127 |   480 |   142 ||   819

Table legend: (Time is in decaauts)
 A = Elapsed time spent in this place.
 B = Non-inter-level travel time spent in this place.
 C = Inter-level travel time spent in this place.
 D = Time resting spent in this place.
 E = Time spent auto-exploring this place.
 F = Levels seen in this place.
 G = Mean time per level.
                   A        B        C        D        E       F      G
               +--------+--------+--------+--------+--------+-----+--------+
         Total |   8718 |   8456 |    262 |     47 |   6669 |  10 |  871.8 |
       Dungeon |   7783 |   7521 |    262 |     47 |   6027 |   8 |  972.9 |
         Sewer |    502 |    502 |      0 |      0 |    323 |   1 |  502.0 |
       Ossuary |    431 |    431 |      0 |      0 |    319 |   1 |  431.0 |
               +--------+--------+--------+--------+--------+-----+--------+

Top non-repeatable levels by time:
     D:5: 1529 daAuts
     D:6: 1085 daAuts
     D:4: 1081 daAuts
     D:2: 969 daAuts
     D:7: 930 daAuts
     D:1: 878 daAuts
     D:3: 847 daAuts
   Sewer: 502 daAuts
     D:8: 461 daAuts
 Ossuary: 431 daAuts
